 Seeded DCSS version 0.30.0-13-g156ef70053 (webtiles) character file.

Game seed: 6862222631304461848 (custom seed)

87003 Pimp the Skirmisher (level 15, -2/91 HPs)
             Began as a Deep Elf Hunter on May 17, 2023.
             Was the Champion of Okawaru.
             Slain by a +0 vampiric halberd (13 damage)
             ... on level 1 of the Elven Halls.
             The game lasted 01:06:07 (20714 turns).

Pimp the Skirmisher (Deep Elf Hunter)              Turns: 20714, Time: 01:06:09

Health: -2/91      AC: 14    Str:  5    XL:     15   Next: 42%
Magic:  33/33      EV: 25    Int: 33    God:    Okawaru [******]
Gold:   1432       SH:  8    Dex: 28    Spells: 21/39 levels left

rFire   . . .        G - +6 double sword (heavy)
rCold   + + +        Q - +3 buckler of Claustrophobia {rElec rC+ Str-2 Int+9}
rNeg    . . .        x - +0 steam dragon scales
rPois   +            g - +2 helmet
rElec   +            w - +2 cloak
rCorr   .            A - +0 pair of gloves
SInv    +            (no boots)
Will    +++..        e - amulet "Vikeral" {Acrobat rPois rC+ Regen+ Dex+3}
Stlth   ++++         j - +6 ring of dexterity
HPRegen 1.15/turn    H - ring of Xaovump {Will++ SInv}
MPRegen 0.23/turn

%: acrobat, clarity
@: no status effects
A: hooves 1, clarity, clever 1, cold resistance 1, MP-powered wands
a: Renounce Religion, Heroism, Finesse, Duel


You were on level 1 of the Elven Halls.
You worshipped Okawaru.
Okawaru was exalted by your worship.
You visited 5 branches of the dungeon, and saw 22 of its levels.
You also visited: Volcano.

You collected 2419 gold pieces.
You spent 987 gold pieces at shops.

Inventory:

Hand Weapons
 a - a +3 shortbow of draining
 i - a +5 short sword of freezing
 k - the +7 arbalest of the Five Artisans {elec, rPois}
   (Okawaru gifted it to you on level 12 of the Dungeon)

   rPois:     It protects you from poison.
 y - the +2 dire flail "Peicuro" {distort, rPois Will++ Str-2 SInv}
   (You bought it in a shop on level 12 of the Dungeon)

   Str:       It affects your strength (-2).
   rPois:     It protects you from poison.
   SInv:      It lets you see invisible.
   Will:      It greatly increases your willpower.
 G - a +6 heavy double sword (weapon)
 T - a +1 triple crossbow of freezing
Armour
 g - a +2 helmet (worn)
 w - a +2 cloak (worn)
 x - +0 steam dragon scales (worn)
 A - a +0 pair of gloves (worn)
 Q - the +3 buckler of Claustrophobia (worn) {rElec rC+ Str-2 Int+9}
   (Okawaru gifted it to you on level 11 of the Dungeon)

   Str:       It affects your strength (-2).
   Int:       It affects your intelligence (+9).
   rC:        It protects you from cold.
   rElec:     It insulates you from electricity.
Magical Staves
 h - a staff of fire
Jewellery
 d - the ring "Ucidi Nom" {Ice rN+ rCorr}
   (You found it on level 5 of the Lair of Beasts)

   [ring of ice]

   It enhances your ice magic.
   rF:        It makes you vulnerable to fire.
   rC:        It protects you from cold.
   rN:        It protects you from negative energy.
   rCorr:     It protects you from acid and corrosion.
 e - the amulet "Vikeral" (around neck) {Acrobat rPois rC+ Regen+ Dex+3}
   (You acquired it on level 4 of the Dungeon)

   [amulet of the acrobat]

   It increases your evasion while moving and waiting.
   Dex:       It affects your dexterity (+3).
   rC:        It protects you from cold.
   rPois:     It protects you from poison.
   Regen:     It increases your rate of health regeneration.
 j - a +6 ring of dexterity (left hand)
 q - a ring of resist corrosion
 r - an amulet of the acrobat
 E - a +6 ring of dexterity
 H - the ring of Xaovump (right hand) {Will++ SInv}
   (You found it on level 8 of the Dungeon)

   [ring of see invisible]

   SInv:      It lets you see invisible.
   Will:      It greatly increases your willpower.
 N - a +6 ring of intelligence
Wands
 v - a wand of mindburst (7)
 F - a wand of polymorph (10)
 K - a wand of flame (20)
 M - a wand of acid (6)
 S - a wand of paralysis (4)
Scrolls
 b - 4 scrolls of immolation
 c - 7 scrolls of identify
 m - 7 scrolls of teleportation
 n - 7 scrolls of poison
 o - 2 scrolls of fog
 t - 5 scrolls of vulnerability
 I - 2 scrolls of magic mapping
 O - a scroll of brand weapon
 P - a scroll of amnesia
 R - 2 scrolls of enchant weapon
Potions
 f - 5 potions of flight
 l - 6 potions of might
 p - 9 potions of attraction
 s - 9 potions of curing
 u - 4 potions of cancellation
 z - 2 potions of invisibility
 B - 2 potions of brilliance
 C - 5 potions of resistance
 D - 3 potions of magic
 J - 12 potions of ambrosia
 L - 3 potions of mutation


   Skills:
 + Level 9.6 Fighting
 - Level 6.7(7.6) Short Blades
 * Level 4.8(6.2) Long Blades
 - Level 13.7 Ranged Weapons
 - Level 7.2 Armour
 + Level 13.4 Dodging
 - Level 6.6 Stealth
 + Level 12.9 Spellcasting
 - Level 5.4 Necromancy
 * Level 12.1 Transmutations
 - Level 4.8 Fire Magic
 - Level 4.9 Poison Magic


You had 21 spell levels left.
You knew the following spells:

 Your Spells              Type           Power      Damage    Failure   Level
a - Dragon Form           Tmut           40%        N/A       22%         7
b - Olgreb's Toxic Radia  Pois           52%        N/A       5%          4
c - Ignite Poison         Fire/Tmut/Pois 62%        N/A       1%          3
d - Dispel Undead         Necr           55%        3d20      4%          4

Your spell library contained the following spells:

 Spells                   Type           Power      Damage    Failure   Level
 Kiss of Death            Conj/Necr      100%       2d13      1%          1
 Sting                    Tmut/Pois      100%       1d8       1%          1
 Cigotuvi's Dreadful Rot  Necr/Pois/Air  88%        N/A       1%          2
 Poisonous Vapours        Pois/Air       74%        N/A       2%          2
 Freeze                   Ice            84%        1d9       4%          1
 Magic Dart               Conj           84%        1d7       4%          1
 Inner Flame              Hex/Fire       37%        N/A       4%          3
 Static Discharge         Conj/Air       42%        2-4/arc   6%          2
 Mephitic Cloud           Conj/Pois/Air  32%        N/A       6%          3
 Yara's Violent Unravell  Hex/Tmut       28%        3d12      9%          5
 Confusing Touch          Hex            21%        N/A       12%         3
 Dazzling Flash           Conj/Hex       42%        N/A       12%         3
 Frozen Ramparts          Ice            42%        1d7       12%         3
 Hailstorm                Conj/Ice       21%        3d6       12%         3
 Vhi's Electric Charge    Tloc/Air       42%        N/A       12%         3
 Agony                    Necr           55%        N/A       12%         5
 Airstrike                Air            10%        2d(2-18)  38%         4
 Cause Fear               Hex            10%        N/A       38%         4
 Arcjolt                  Conj/Air       10%        1d20      75%         5
 Freezing Cloud           Conj/Ice/Air   10%        6-21      75%         5
 Silence                  Hex/Air        10%        N/A       75%         5
 Plasma Beam              Fire/Air       18%        2x1d33    93%         6
 Enfeeble                 Hex            10%        N/A       100%        7
 Discord                  Hex            10%        N/A       100%        8
 Ignition                 Fire           26%        3d9       100%        8
 Summon Small Mammal      Summ           Unusable   N/A       N/A         1
 Call Imp                 Summ           Unusable   N/A       N/A         2
 Summon Lightning Spire   Summ/Air       Unusable   N/A       N/A         4
 Summon Forest            Summ/Tloc      Unusable   N/A       N/A         5
 Summon Horrible Things   Summ           Unusable   N/A       N/A         8
 Dragon's Call            Summ           Unusable   N/A       N/A         9

Dungeon Overview and Level Annotations

Branches:
Dungeon (13/15)            Temple (1/1) D:4            Lair (5/5) D:9
 Shoals (0/4) Lair:2        Snake (0/4) Lair:3        Slime (0/5) Lair:5
    Orc (2/2) D:12            Elf (1/3) Orc:2        Vaults (0/5) D:13
Volcano (visited)

Altars:
Dithmenos
Elyvilon
Fedhas
Kikubaaqudgha
Okawaru
Qazlal
Sif Muna
Trog
Xom
Yredelemnul
Zin
Jiyva

Shops:
D:12 *   Orc:2 :*[(:

Annotations:
D:10 2 transporters, superbruh's ghost, journeyman MiFi
Orc:1 2 transporters
Elf:1 2 transporters, Cigu's ghost, journeyman DECj


Innate Abilities, Weirdness & Mutations

You have large cloven feet.
You possess an exceptional clarity of mind.
Your mind is acute. (Int +4, Str/Dex -1)
Your flesh is cold resistant. (rC+)
You expend magic power (3 MP) to strengthen your wands.


Message History

Okawaru accepts your kill.
You pick up a book of Lightning and begin reading...
You add the spells Vhi's Electric Charge, Arcjolt and Plasma Beam to your library.
HP restored.
There is an open door here.
There is an open door here.
There is an open door here.
There is an open door here.
There is an open door here.
There is an open door here.
Found a stone staircase leading down.
There is an open door here.
There is an open door here.
There is an open door here.
A +0 vampiric halberd comes into view.
There is an open door here.
The helpless +0 vampiric halberd fails to defend itself.
You hit the +0 vampiric halberd. You kick the +0 vampiric halberd.
The +0 vampiric halberd is lightly damaged.
The +0 vampiric halberd misses you. The +0 vampiric halberd hits you! x2
The +0 vampiric halberd draws strength from your wounds!
You hit the +0 vampiric halberd.
You kick the +0 vampiric halberd, but do no damage.
The +0 vampiric halberd is lightly damaged.
You block the +0 vampiric halberd's attack.
The +0 vampiric halberd hits you!
You slice the +0 vampiric halberd!!
The +0 vampiric halberd is almost destroyed.
The +0 vampiric halberd completely misses you.
The +0 vampiric halberd hits you!!
The +0 vampiric halberd draws strength from your wounds!
The +0 vampiric halberd hits you!
You closely miss the +0 vampiric halberd.
You kick the +0 vampiric halberd.
The +0 vampiric halberd is almost destroyed.
The +0 vampiric halberd barely misses you.
The +0 vampiric halberd hits you!!
* * * LOW HITPOINT WARNING * * *
The +0 vampiric halberd hits you!
You die...

...........###.#
#...........####
...........# #.#
#...........'..'
#.......).## #.#
#...........####
##.......'# #.#
#...........# #
##.....##'###'#
##.........## #
#######
#.....##'#.......##
##.....#'###.....##
#.......## #######
#.....>@# #......(#
##.....## #.....
######


You could see a +0 vampiric halberd.

Vanquished Creatures
  Jorgrun (D:12)
  A deep elf elementalist (Elf:1)
  2 orc warlords (Orc:1)
  A deep elf demonologist (Elf:1)
  A deep elf annihilator (Elf:1)
  4 hydras
  A catoblepas (Lair:2)
  Erica (Orc:1)
  3 boulder beetles
  A two-headed ogre (Orc:2)
  3 dancing weapons (Elf:1)
  Urug (Lair:5)
  3 orc high priests
  Sonja (D:12)
  2 deep elf knights (Elf:1)
  3 skysharks
  A salamander mystic (Volcano)
  A fire crab (Lair:5)
  6 deep elf archers (Elf:1)
  3 orc knights (Orc:2)
  11 deep elf pyromancers
  17 deep elf zephyrmancers (Elf:1)
  A wolf spider (shapeshifter) (Elf:1)
  A wolf spider (Lair:5)
  6 orc sorcerers
  An ugly thing (D:13)
  A manticore (D:12)
  6 salamanders (Volcano)
  6 black mambas
  A guardian serpent (Lair:5)
  12 elephants
  15 cane toads
  Maggie (D:7)
  A kobold demonologist (D:11)
  An unseen horror (D:10)
  A freezing wraith (D:11)
  10 komodo dragons
  A queen bee (Lair:2)
  2 polar bears
  8 trolls
  4 hornets
  A snapping turtle (Lair:2)
  6 dream sheep (Lair:4)
  6 slime creatures (D:12)
  Sigmund (D:3)
  A water elemental (Elf:1)
  4 air elementals (Elf:1)
  20 wyverns
  4 fire bats (D:11)
  A vampire (D:12)
  A wraith (D:12)
  45 yaks
  6 basilisks
  4 vampire mosquitoes (D:12)
  2 fire elementals (Elf:1)
  3 redbacks (Lair:5)
  4 nagas (Lair:3)
  2 acid dragons
  4 wargs
  13 water moccasins
  Duvessa (D:7)
  A hell hound (D:11)
  33 orc warriors
  2 black bears
  A black bear (shapeshifter) (Elf:1)
  2 ice beasts
  9 ogres
  7 wolves
  2 phantoms
  A centaur (D:10)
  2 kobold brigands
  2 earth elementals (Elf:1)
  3 bullfrogs
  A scorpion (D:4)
  5 troll zombies (D:12)
  8 wights
  Dowan (D:7)
  43 killer bees
  6 electric eels
  2 howler monkeys
  2 lava snakes (D:11)
  8 hounds
  5 jellies
  23 orc priests
  Jessica (D:3)
  7 iguanas
  23 orc wizards
  4 hell rats (Lair:5)
  3 ogre zombies (D:12)
  3 gnolls (D:4)
  12 adders
  A shadow imp (D:6)
  3 ufetubi
  7 dart slugs
  94 orcs
  9 ball pythons
  2 bats (D:1)
  6 endoplasms
  3 giant cockroaches
  9 goblins
  6 hobgoblins
  4 quokkas
  4 frilled lizards
  A goblin zombie (D:12)
  3 hobgoblin skeletons (D:12)
  2 hobgoblin zombies (D:12)
  19 kobolds
  An orc skeleton (D:12)
  17 orc zombies (D:12)
  6 rats
  3 fire vortices (D:11)
698 creatures vanquished.

Vanquished Creatures (others)
  An orc priest (Orc:1)
  An orc (Orc:1)
2 creatures vanquished.

Grand Total: 700 creatures vanquished

Notes
Turn   | Place    | Note
-------+----------+-------------------------------------------
     0 | D:1      | Pimp the Deep Elf Hunter began the quest for the Orb.
     0 | D:1      | Reached XP level 1. HP: 12/12 MP: 3/3
   147 | D:1      | Reached XP level 2. HP: 14/17 MP: 4/4
   798 | D:2      | Reached XP level 3. HP: 21/21 MP: 5/5
  1503 | D:2      | Reached XP level 4. HP: 26/26 MP: 6/6
  1732 | D:3      | Reached skill level 1 in Armour
  1857 | D:3      | Reached XP level 5. HP: 31/31 MP: 7/7
  1922 | D:3      | Noticed Sigmund
  1926 | D:3      | Gained mutation: You are dopey. (Int -2) [potion of
                  | mutation]
  1926 | D:3      | Gained mutation: You passively map a small area around you.
                  | [potion of mutation]
  1942 | D:3      | Killed Sigmund
  1943 | D:3      | Reached XP level 6. HP: 36/36 MP: 8/8
  2125 | D:3      | Noticed Jessica
  2129 | D:3      | Killed Jessica
  2599 | D:4      | Identified a scroll of acquirement
  2599 | D:4      | Acquired the amulet "Vikeral" {Acrobat rPois rC+ Regen+
                  | Dex+3}
  2663 | D:4      | You fall into a shaft and drop 2 floors!
  2667 | D:6      | Reached XP level 7. HP: 41/41 MP: 9/9
  2772 | D:5      | Entered Level 5 of the Dungeon
  2791 | D:5      | Reached skill level 5 in Dodging
  2903 | D:4      | Found a staircase to the Ecumenical Temple.
  2943 | Temple   | Entered the Ecumenical Temple
  2951 | Temple   | Became a worshipper of Warmaster Okawaru
  3062 | D:4      | Reached skill level 5 in Stealth
  3276 | D:4      | Lost mutation: You passively map a small area around you.
                  | [potion of mutation]
  3276 | D:4      | Lost mutation: You are dopey. (Int -2) [potion of mutation]
  3276 | D:4      | Gained mutation: Your body sometimes deteriorates upon
                  | taking damage. [potion of mutation]
  3276 | D:4      | Gained mutation: You expend magic power (3 MP) to
                  | strengthen your wands. [potion of mutation]
  3329 | D:4      | Reached XP level 8. HP: 38/48 MP: 10/10
  3351 | D:5      | Reached * piety under Okawaru
  4572 | D:7      | Noticed Maggie
  4585 | D:7      | Killed Maggie
  4759 | D:7      | Reached ** piety under Okawaru
  4895 | D:7      | Learned a level 7 spell: Dragon Form
  5091 | D:7      | Noticed Duvessa
  5095 | D:7      | Noticed Dowan
  5097 | D:7      | Killed Duvessa
  5098 | D:7      | Reached skill level 1 in Spellcasting
  5102 | D:7      | Reached XP level 9. HP: 49/52 MP: 10/12
  5108 | D:7      | Killed Dowan
  5109 | D:7      | Reached skill level 1 in Transmutations
  5386 | D:8      | Lost mutation: You expend magic power (3 MP) to strengthen
                  | your wands. [potion of mutation]
  5386 | D:8      | Lost mutation: Your body sometimes deteriorates upon taking
                  | damage. [potion of mutation]
  5386 | D:8      | Gained mutation: You are somewhat resistant to further
                  | mutation. [potion of mutation]
  5523 | D:8      | Lost mutation: You are somewhat resistant to further
                  | mutation. [potion of mutation]
  5523 | D:8      | Gained mutation: Your spells are a little harder to cast,
                  | but a little more powerful. [potion of mutation]
  5523 | D:8      | Gained mutation: You are frail. (-10% HP) [potion of
                  | mutation]
  5524 | D:8      | Lost mutation: You are frail. (-10% HP) [potion of
                  | mutation]
  5524 | D:8      | Lost mutation: Your spells are a little harder to cast, but
                  | a little more powerful. [potion of mutation]
  5524 | D:8      | Gained mutation: You are clumsy. (Dex -2) [potion of
                  | mutation]
  5557 | D:8      | Reached skill level 5 in Fighting
  5609 | D:8      | Reached *** piety under Okawaru
  5755 | D:8      | Identified the ring of Xaovump {Will++ SInv}
  5816 | D:9      | Reached skill level 1 in Short Blades
  5992 | D:9      | Found a staircase to the Lair.
  6151 | D:9      | Reached XP level 10. HP: 59/59 MP: 18/18
  6156 | D:9      | Reached **** piety under Okawaru
  6199 | D:9      | Found a stormy altar of Qazlal.
  6330 | D:9      | Reached skill level 5 in Armour
  6623 | D:10     | Entered Level 10 of the Dungeon
  6769 | D:10     | Reached skill level 10 in Ranged Weapons
  6779 | D:10     | Reached skill level 5 in Spellcasting
  6791 | D:10     | Lost mutation: You are clumsy. (Dex -2) [potion of
                  | mutation]
  6791 | D:10     | Gained mutation: You possess an exceptional clarity of
                  | mind. [potion of mutation]
  6791 | D:10     | Gained mutation: Your mind is acute. (Int +4, Str/Dex -1)
                  | [potion of mutation]
  6791 | D:10     | Gained mutation: You have large cloven feet. [potion of
                  | mutation]
  6791 | D:10     | Gained mutation: You have hidden genetic potential. [potion
                  | of mutation]
  7017 | D:10     | Found a transporter.
  7021 | D:10     | Found a transporter.
  7022 | D:10     | Noticed superbruh's ghost (journeyman MiFi)
  7093 | D:10     | Found a white marble altar of Elyvilon.
  7095 | D:10     | Found a blossoming altar of Fedhas.
  7341 | D:11     | Reached ***** piety under Okawaru
  7703 | D:11     | Reached skill level 5 in Transmutations
  7794 | D:11     | Identified the +3 buckler of Claustrophobia {rElec rC+
                  | Str-2 Int+9} (Okawaru gifted it to you on level 11 of the
                  | Dungeon)
  7794 | D:11     | Received a gift from Okawaru
  7795 | D:11     | Reached XP level 11. HP: 64/64 MP: 22/22
  8293 | D:12     | Gained mutation: You expend magic power (3 MP) to
                  | strengthen your wands. [hidden potential]
  8340 | D:12     | Found a staircase to the Orcish Mines.
  8359 | D:12     | Noticed a boulder beetle
  9194 | D:12     | Noticed a deep elf pyromancer
  9201 | D:12     | Killed a deep elf pyromancer
  9322 | D:12     | Noticed Jorgrun
  9451 | D:12     | Killed Jorgrun
  9452 | D:12     | Reached skill level 5 in Short Blades
  9476 | D:12     | Noticed Sonja
  9484 | D:12     | Killed Sonja
  9709 | D:12     | Killed a boulder beetle
  9709 | D:12     | Identified the +7 arbalest of the Five Artisans {elec,
                  | rPois} (Okawaru gifted it to you on level 12 of the
                  | Dungeon)
  9709 | D:12     | Received a gift from Okawaru
  9866 | D:12     | Found Keahom's Assorted Antiques.
  9878 | D:12     | Bought a crude dire flail for 297 gold pieces
  9878 | D:12     | Identified the +2 dire flail "Peicuro" {distort, rPois
                  | Will++ Str-2 SInv} (You bought it in a shop on level 12 of
                  | the Dungeon)
 10096 | D:13     | Noticed a purple ugly thing
 10105 | D:13     | Killed a purple ugly thing
 10106 | D:13     | Reached skill level 10 in Dodging
 10106 | D:13     | Reached XP level 12. HP: 68/71 MP: 26/26
 10159 | D:13     | Found a gate to the Vaults.
 10159 | D:13     | Noticed a vault guard
 10159 | D:13     | Noticed a vault guard
 10159 | D:13     | Noticed a vault guard
 10159 | D:13     | Noticed a vault guard
 10293 | Orc:1    | Entered Level 1 of the Orcish Mines
 10347 | Orc:1    | Found a transporter.
 10347 | Orc:1    | Found a transporter.
 10421 | Orc:1    | Noticed a two-headed ogre
 10422 | Orc:1    | Noticed an orc warlord
 10423 | Orc:1    | Noticed an orc high priest
 10424 | Orc:1    | Noticed a two-headed ogre
 10425 | Orc:1    | Noticed a stone giant
 10706 | Orc:1    | Noticed Erica
 10711 | Orc:1    | Killed Erica
 10796 | Orc:1    | Noticed an orc high priest
 10801 | Orc:1    | Killed an orc high priest
 10819 | Orc:1    | Received a gift from Okawaru
 11167 | Orc:2    | Entered Level 2 of the Orcish Mines
 11222 | Orc:2    | Found Netunkib's Self-Improvement Boutique.
 11229 | Orc:2    | Noticed an orc warlord
 11403 | Orc:1    | Killed an orc warlord
 11651 | Orc:2    | Noticed a two-headed ogre
 11862 | Orc:2    | Killed a two-headed ogre
 11888 | Orc:2    | Found a staircase to the Elven Halls.
 11904 | Orc:2    | Noticed an orc warlord
 11961 | Orc:1    | Reached ****** piety under Okawaru
 12423 | Orc:2    | Noticed an orc high priest
 12481 | Orc:2    | Killed an orc high priest
 12481 | Orc:2    | Received a gift from Okawaru
 12562 | Orc:1    | Killed an orc warlord
 12638 | Orc:2    | Reached XP level 13. HP: 77/77 MP: 28/28
 12681 | Orc:2    | Found Anohaem's Book Shoppe.
 12707 | Orc:2    | Bought a Young Poisoner's Handbook for 300 gold pieces
 12707 | Orc:2    | Bought a Trismegistus Codex for 390 gold pieces
 12712 | Orc:2    | Learned a level 4 spell: Olgreb's Toxic Radiance
 12716 | Orc:2    | Learned a level 3 spell: Ignite Poison
 12721 | Orc:2    | Learned a level 4 spell: Dispel Undead
 12733 | Orc:2    | Found Veesin's Antique Weapon Shoppe.
 12749 | Orc:2    | Found Dicit's General Store.
 12991 | Orc:2    | Found Archinna's Antique Armour Shoppe.
 13256 | Lair:1   | Entered Level 1 of the Lair of Beasts
 13331 | Lair:1   | Gained mutation: Your flesh is cold resistant. (rC+)
                  | [hidden potential]
 13331 | Lair:1   | Lost mutation: You have hidden genetic potential. [hidden
                  | potential expressed]
 13347 | Lair:1   | Reached skill level 1 in Necromancy
 13352 | Lair:1   | Reached skill level 1 in Fire Magic
 13352 | Lair:1   | Reached skill level 1 in Poison Magic
 14105 | Lair:2   | Received a gift from Okawaru
 14135 | Lair:2   | Reached skill level 10 in Spellcasting
 14656 | Lair:2   | Identified the +1 buckler of the Everdark {-Tele rC++ Str+2
                  | SInv} (Okawaru gifted it to you on level 2 of the Lair of
                  | Beasts)
 14656 | Lair:2   | Received a gift from Okawaru
 14954 | Lair:2   | Found a staircase to the Shoals.
 15347 | Lair:3   | Found a dark tunnel.
 15359 | Volcano  | Entered a volcano
 15389 | Volcano  | Found a bloodstained altar of Trog.
 15393 | Volcano  | Noticed a red draconian
 15405 | Volcano  | Reached XP level 14. HP: 64/84 MP: 30/30
 15662 | Lair:3   | Reached skill level 5 in Necromancy
 15717 | Lair:3   | Found a staircase to the Snake Pit.
 16474 | Lair:4   | Identified the +0 buckler of Ropoapucau {rElec} (Okawaru
                  | gifted it to you on level 4 of the Lair of Beasts)
 16474 | Lair:4   | Received a gift from Okawaru
 16895 | Lair:5   | Entered Level 5 of the Lair of Beasts
 17030 | Lair:5   | Noticed Urug
 17036 | Lair:5   | Killed Urug
 17143 | Lair:5   | Reached skill level 10 in Transmutations
 17179 | Lair:5   | Reached skill level 1 in Long Blades
 17339 | Lair:5   | Identified the ring "Ucidi Nom" {Ice rN+ rCorr}
 17663 | Lair:5   | Found a viscous altar of Jiyva.
 17786 | Lair:5   | Found a staircase to the Slime Pits.
 18516 | Elf:1    | Entered Level 1 of the Elven Halls
 18685 | Elf:1    | Received a gift from Okawaru
 18753 | Elf:1    | Found a transporter.
 18806 | Elf:1    | Found a transporter.
 18807 | Elf:1    | Noticed Cigu's ghost (journeyman DECj)
 18818 | Elf:1    | Reached XP level 15. HP: 86/90 MP: 12/33
 19063 | Elf:1    | Paralysed by an air elemental for 1 turns
 19065 | Elf:1    | Received a gift from Okawaru
 19649 | Elf:1    | Received a gift from Okawaru
 19741 | Elf:1    | Paralysed by an air elemental for 1 turns
 19744 | Elf:1    | Paralysed by an air elemental for 1 turns
 19930 | Elf:1    | Got Dispater's Parchment of the Escort
 20714 | Elf:1    | Slain by a +0 vampiric halberd

Illustrated notes

Levels and vault maps discovered:
D:1:      minmay_arrival_pointy, layout_loops_cross, nicolae_titane
D:2:      layout_basic, nicolae_kite_square_tiling_tiny, minmay_snake_closets
D:3:      layout_rooms, st_stairs_11, hex_tiny, hangedman_decor_points,
          minmay_misc_feat_pillars, kennysheep_generic_room_10, uniq_jessica,
          uniq_sigmund
D:4:      layout_loops_ring, temple_statues, corexii_checkpoint_a,
          nicolae_concentric_dashed_squares_wild
D:5:      layout_cave_pools
D:6:      corexii_shack_village, layout_loops_ring, serial_rivers,
          chequers_serial_rivers_micro_c, chequers_serial_rivers_room_a,
          chequers_serial_rivers_large_a, chequers_serial_rivers_micro_a,
          chequers_serial_rivers_micro_d, chequers_serial_rivers_small_b
D:7:      layout_gridville, minmay_misc_feat_doors, nicolae_nh_ransacked_shop,
          uniq_maggie, uniq_duvessa
D:8:      layout_basic, serial_park_tiny_1
D:9:      layout_irregular_city, mainiacjoe_overflow_24_doors,
          dpeg_oklobed_lair, minmay_parallelograms
D:10:     layout_roguey, nicolae_overflow_squiral, gammafunk_ghost_hive,
          minivault_10, chequers_serial_rivers_micro_b
D:11:     layout_long_grid, special_room [special_room_orc],
          hangedman_incinerator
D:12:     layout_grid_maze, zombieorc2_lemuel, serial_shops,
          nicolae_shop_peninsula, uniq_jorgrun, uniq_sonja
D:13:     layout_loops_ring, lightli_vaults_fourway_checkpoint, uniq_maurice
Temple:   compressed_dpeg_triangle_lava_temple
Lair:1:   layout_gridlike, columned_hall_lemuel, grunt_megastairs_2,
          serial_bayou_shore_b, lemuel_fruit_tree, infiniplex_staircase_pool_2
Lair:2:   layout_roguey [special_room_bee], minmay_shoals_entry_hut,
          nicolae_lair_grazing_beasts [nicolae_sub_lair_graze_edge,
          nicolae_sub_lair_graze_edge, nicolae_sub_lair_graze_edge,
          nicolae_sub_lair_graze_edge]
Lair:3:   layout_loops_ring, minmay_snake_entry_guardpost_small,
          nicolae_volcano_entry_s_turn, wad_woods_river_01
Lair:4:   layout_regular_city, nicolae_quartered_pool_super
Lair:5:   hangedman_lair_tendril_chambers, layout_long_grid,
          nicolae_slime_entry_field_trip, chequers_serial_rivers_small_3,
          disabler_island, uniq_urug
Orc:1:    gammafunk_beogh_shrine, layout_caves, nicolae_orc_pool_cavern,
          minmay_orc_temple_c, uniq_erica
Orc:2:    grunt_orc_cross, layout_caves, nicolae_shop_self_help
Elf:1:    eino_elf_arrival_the_gate, layout_geoelf_octagon,
          gammafunk_ghost_arena, minmay_elf_demonology

Skill      XL: |  1  2  3  4  5  6  7  8  9 10 11 12 13 14 15 |
---------------+----------------------------------------------+-----
Stealth        | 2 3 4 5 6 |  6.6
Fighting       | 2 3 4 5 6 7 8 9 |  9.6
Dodging        | 3 4 5 6 7 8 10 11 13 | 13.4
Ranged Weapons | 6 7 8 9 10 11 13 | 13.7
Armour         | 1 2 3 4 5 6 7 |  7.2
Spellcasting   | 1 4 6 8 9 10 12 | 12.9
Transmutations | 3 5 6 7 9 11 12 | 12.1
Short Blades   | 2 4 5 6 |  6.7
Necromancy     | 4 5 |  5.4
Fire Magic     | 4 |  4.8
Poison Magic   | 4 |  4.9
Long Blades    | 3 4 |  4.8

Action                     |  1- 3 |  4- 6 |  7- 9 | 10-12 | 13-15 || total
---------------------------+-------+-------+-------+-------+-------++-------
  Melee: Short sword       |       |       |       |    56 |       ||    56
         Kick              |       |       |       |    21 |    18 ||    39
         Punch             |       |       |       |     1 |       ||     1
         Unarmed           |       |       |       |       |    15 ||    15
         Double sword      |       |       |       |       |    65 ||    65
   Fire: Shortbow          |    89 |   109 |   359 |   539 |       ||  1096
         Arbalest          |       |       |       |   290 |   576 ||   866
         Triple crossbow   |       |       |       |       |    12 ||    12
   Cast: Ignite Poison     |       |       |       |       |    30 ||    30
         Olgreb's Toxic Ra |       |       |       |       |    26 ||    26
         Dragon Form       |       |       |       |       |     2 ||     2
    Use: Potion            |     2 |     3 |     5 |     8 |     7 ||    25
         Scroll            |       |     5 |    14 |    13 |     3 ||    35
   Stab: Invisible         |       |       |       |     3 |       ||     3
         Distracted        |       |       |       |       |     4 ||     4
         Sleeping          |       |       |       |       |     3 ||     3
 Armour: Leather armour    |    14 |     2 |    29 |       |       ||    45
         Skin              |       |     7 |       |       |     9 ||    16
         Steam dragon scal |       |       |    38 |   104 |    85 ||   227
  Dodge: Dodged            |    23 |    11 |   245 |   487 |   558 ||  1324
  Block: Buckler           |       |       |       |       |    31 ||    31
